cohdb
Replays
Latest Replays
All Replays
Popular Replays
Top Player Replays
Match Explorer
How It Works
Community
CoH3 Stats
Reddit
Sign in to upload your games and track your stats! →
Sign in with Steam
Match 42611198
Unlisted
Match 42611198
Overview
Messages
Build Orders
End
Kettenkrad Recon Vehicle
Construct Infanterie Kompanie
MG 42 Machine Gun Team
Selects Terror Battlegroup
Selects Machine Gun Camouflage
GrW 34 Mortar Team
Construct Luftwaffe Kompanie
MG 42 Machine Gun Team
Jäger Squad
AI Takeover
R.U.C
Fire [Goat Company]
Team saupiquet
LeMounky
Abelixx
TriggerConroy
Nuba
Electrobolt
0
0
Comments
sign in to comment!
No comments posted yet!